 Dungeon Crawl Stone Soup version 0.27.1-4-g1640c2035a (webtiles) character file.

Game seed: 1956648479548322379

142247 gohu the Slayer (level 16, -21/167 HPs)
             Began as a Minotaur Fighter on Nov 14, 2021.
             Was the Champion of Okawaru.
             Demolished by a golden dragon simulacrum (37 damage)
             ... summoned by an orange crystal statue
             ... in an ice cave.
             The game lasted 01:53:56 (33801 turns).

gohu the Slayer (Minotaur Fighter)                 Turns: 33801, Time: 01:53:57

Health: -21/167    AC: 35    Str: 26    XL:     16   Next: 80%
Magic:  19/19      EV:  8    Int:  6    God:    Okawaru [******]
Gold:   1306       SH: 19    Dex: 17    Spells: 15/15 levels left

rFire    + . .     SeeInvis +   S - +2 broad axe (vorpal)
rCold    . . .     Faith    .   V - +1 kite shield {rN+}
rNeg     + . .     Spirit   .   N - +0 plate armour
rPois    .         Reflect  +   f - +2 hat {SInv}
rElec    .         Harm     .   x - +4 cloak "Zumizil" {Will+ Int+3}
rCorr    .         Rampage  .   W - +1 pair of gloves "Pacrud" {Int-2 Dex+5 Slay+2}
Will     +++..                  Y - +2 pair of boots "Xohiff" {rF+}
Stlth    ..........             i - amulet of reflection
HPRegen  0.37/turn              Z - +4 ring of protection
MPRegen  0.16/turn              r - ring of willpower

@: no status effects
A: horns 2, retaliatory headbutt
a: Renounce Religion, Heroism, Finesse


You were in an ice cave.
You worshipped Okawaru.
Okawaru was exalted by your worship.
You visited 4 branches of the dungeon, and saw 26 of its levels.
You also visited: Gauntlet and Ice Cave.

You collected 2482 gold pieces.
You spent 1176 gold pieces at shops.

Inventory:

Hand Weapons
 a - a +4 executioner's axe of freezing
 s - a +1 hand axe of flaming
 S - a +2 vorpal broad axe (weapon)
Missiles
 t - 188 poisoned darts (quivered)
 G - 3 throwing nets
 H - 10 javelins
 J - 2 silver javelins
Armour
 f - a +2 hat of see invisible (worn)
 x - the +4 cloak "Zumizil" (worn) {Will+ Int+3}
   (You found it in a Gauntlet)

   Int:       It affects your intelligence (+3).
   Will:      It increases your willpower.
 N - a +0 plate armour (worn)
 V - a +1 kite shield of positive energy (worn)
 W - the +1 pair of gloves "Pacrud" (worn) {Int-2 Dex+5 Slay+2}
   (You found it in a Gauntlet)

   Int:       It affects your intelligence (-2).
   Dex:       It affects your dexterity (+5).
   Slay:      It affects your accuracy & damage with ranged weapons and melee
   (+2).
 Y - the +2 pair of boots "Xohiff" (worn) {rF+}
   (You found it in a Gauntlet)

   rF:        It protects you from fire.
Jewellery
 c - a ring of poison resistance
 e - a ring of protection from fire
 i - an amulet of reflection (around neck)
 r - a ring of willpower (right hand)
 y - an amulet of guardian spirit
 B - a ring of resist corrosion
 X - a ring of flight
 Z - a +4 ring of protection (left hand)
Wands
 o - a wand of acid (8)
 u - a wand of mindburst (11)
 C - a wand of paralysis (19)
 Q - a wand of digging (14)
Scrolls
 b - 8 scrolls of amnesia {unknown}
 d - 2 scrolls of holy word {unknown}
 j - 7 scrolls of fog {unknown}
 k - 3 scrolls of acquirement {unknown}
 l - a scroll of vulnerability {unknown}
 n - 6 scrolls of teleportation
 q - a scroll of silence {unknown}
 w - 7 scrolls of fear
 z - 4 scrolls of enchant armour {unknown}
 A - 3 scrolls of blinking
 E - 5 scrolls of enchant weapon
 L - 4 scrolls of immolation {unknown}
 M - 10 scrolls of identify
 R - a scroll of torment {unknown}
Potions
 g - 7 potions of mutation
 h - 2 potions of attraction
 m - 12 potions of curing
 p - 3 potions of brilliance
 v - 3 potions of haste
 D - 6 potions of flight
 F - a potion of cancellation
 I - 10 potions of heal wounds
 K - 2 potions of berserk rage
 O - 4 potions of might
 U - 3 potions of lignification


   Skills:
 + Level 21.0 Fighting
 - Level 18.0 Axes
 - Level 4.8 Throwing
 + Level 16.8 Armour
 + Level 1.9 Dodging
 - Level 0.2 Stealth
 - Level 10.6 Shields
 - Level 6.1 Invocations
 - Level 0.2 Evocations


You had 15 spell levels left.
You didn't know any spells.
Your spell library contained the following spells:

 Spells                   Type           Power      Damage    Failure   Level
 Foxfire                  Conj/Fire      0%         2x1d4     99%         1
 Blink                    Tloc           N/A        N/A       100%        2
 Slow                     Hex            0%         N/A       100%        2
 Static Discharge         Conj/Air       0%         N/A       100%        2
 Sublimation of Blood     Necr           0%         N/A       100%        2
 Wereblood                Tmut           0%         N/A       100%        2
 Call Canine Familiar     Summ           0%         N/A       100%        3
 Confusing Touch          Hex            0%         N/A       100%        3
 Conjure Flame            Conj/Fire      0%         6-21      100%        3
 Gell's Gravitas          Tloc           0%         N/A       100%        3
 Ignite Poison            Fire/Tmut/Pois 0%         N/A       100%        3
 Inner Flame              Hex/Fire       0%         N/A       100%        3
 Lesser Beckoning         Tloc           0%         N/A       100%        3
 Ozocubu's Armour         Ice            0%         N/A       100%        3
 Portal Projectile        Hex/Tloc       0%         N/A       100%        3
 Teleport Other           Tloc           0%         N/A       100%        3
 Tukima's Dance           Hex            0%         N/A       100%        3
 Animate Armour           Summ/Erth      0%         N/A       100%        4
 Animate Dead             Necr           0%         N/A       100%        4
 Dispel Undead            Necr           0%         3d6       100%        4
 Leda's Liquefaction      Hex/Erth       0%         N/A       100%        4
 Passage of Golubria      Tloc           N/A        N/A       100%        4
 Sticky Flame             Conj/Fire      0%         2d3       100%        4
 Summon Lightning Spire   Summ/Air       0%         N/A       100%        4
 Blade Hands              Tmut           0%         N/A       100%        5
 Irradiate                Conj/Tmut      0%         3d14      100%        5
 Manifold Assault         Tloc           0%         N/A       100%        5
 Metabolic Englaciation   Hex/Ice        0%         N/A       100%        5
 Summon Forest            Summ/Tloc      0%         N/A       100%        5
 Yara's Violent Unravell  Hex/Tmut       0%         3d3       100%        5
 Eringya's Noxious Bog    Tmut/Pois      0%         N/A       100%        6
 Iron Shot                Conj/Erth      0%         9d1       100%        6
 Simulacrum               Ice/Necr       0%         N/A       100%        6
 Dragon Form              Tmut           0%         N/A       100%        7
 Haunt                    Necr/Summ      0%         N/A       100%        7
 Summon Hydra             Summ           0%         N/A       100%        7
 Infestation              Necr           0%         N/A       100%        8
 Chain Lightning          Conj/Air       0%         N/A       100%        9


Dungeon Overview and Level Annotations

Branches:
Dungeon (15/15)            Temple (0/1) D:7            Lair (6/6) D:11
 Shoals (0/4) Lair:4       Spider (3/4) Lair:3        Slime (0/5) Lair:6
    Orc (2/2) D:10            Elf (0/3) Orc:2        Vaults (0/5) D:13
 Depths (0/5) D:15          IceCv (1/1)             Gauntlet (visited)

Altars:
Dithmenos
Gozag
Hepliaklqana
Makhleb
Okawaru
Qazlal
Ru
Vehumet
Wu Jian
Xom
Yredelemnul
Zin
The Shining One
Beogh
Jiyva

Shops:
D:1 [?=   D:10 [   D:11 **[*   D:14 !*!(   D:15 *   Orc:2 [!?[(

Annotations:
D:8 2 transporters, Jaiteiro's ghost, novice GnTm
D:9 3 runed translucent doors
D:14 Roxanne
Orc:1 1 runed translucent door, PeterMcNeter's ghost, journeyman GrEE IceCv exclusion: orange crystal statue


Innate Abilities, Weirdness & Mutations

You have a pair of horns on your head.
You reflexively headbutt those who attack you in melee.


Message History

The blast of cold hits you but does no damage.
You closely miss the ice dragon.
The ice dragon is almost dead.
You slash the lindwurm simulacrum!
The lindwurm simulacrum bites you but does no damage.
The lindwurm simulacrum claws you but does no damage.
The lindwurm simulacrum claws you. The lindwurm simulacrum freezes you!
The ice dragon breathes frost at you. The blast of cold hits you!
You hit the ice dragon.
You headbutt the ice dragon, but do no damage.
The ice dragon is almost dead.
You hit the lindwurm simulacrum. You slice the ice dragon!!
You kill the ice dragon!
The ice dragon's corpse dissolves into shadows!
You hit the golden dragon simulacrum but do no damage.
You slash the lindwurm simulacrum!
The lindwurm simulacrum vaporises!
You hit the golden dragon simulacrum.
The golden dragon simulacrum is lightly damaged.
The golden dragon simulacrum bites you!
The golden dragon simulacrum freezes you!!
The golden dragon simulacrum claws you.
The golden dragon simulacrum freezes you!!
* * * LOW HITPOINT WARNING * * *
You block the golden dragon simulacrum's attack.
You slash the golden dragon simulacrum!
You headbutt the golden dragon simulacrum.
The golden dragon simulacrum is heavily damaged.
You block the golden dragon simulacrum's attack.
The golden dragon simulacrum claws you but does no damage.
The golden dragon simulacrum tramples you but does no damage.
You slash the golden dragon simulacrum!
You headbutt the golden dragon simulacrum.
The golden dragon simulacrum is severely damaged.
The golden dragon simulacrum bites you!
* * * LOW HITPOINT WARNING * * *
The golden dragon simulacrum freezes you!!!
You die...

#####
##...##
##..∩..##
#.......#
#...∩...#
##.....##
##...##
#.@.##
##Z..#
##...#
##...##
#...##
#..##
##..##
##..# #
##Z.##


You could see a golden dragon simulacrum (summoned).

Vanquished Creatures
  A very ugly thing (D:15)
  A dire elephant (Lair:6)
  A minotaur (Gauntlet)
  Snorg (Orc:2)
  A great orb of eyes (D:15)
  3 vault guards
  Erolcha (D:13)
  2 boulder beetles
  2 ice dragons (IceCv)
  Erica (Orc:1)
  2 ogre magi
  A centaur warrior (D:15)
  13 hydras
  The ghost of othur the Carver, a journeyman BaFi of Ashenzari (D:10)
  18 two-headed ogres
  A deep troll shaman (Lair:6)
  4 catoblepae
  27 death yaks
  3 orc high priests
  A death knight (D:15)
  Nergalle (Lair:3)
  3 tengu warriors
  2 thrashing horrors (Gauntlet)
  3 skeletal warriors (D:15)
  A lindwurm (Lair:5)
  5 orc knights
  A phantasmal warrior (D:15)
  Pikel (D:8)
  7 orb spiders
  A deep elf pyromancer (D:12)
  12 wolf spiders
  4 orc sorcerers (Orc:2)
  18 ugly things
  17 elephants
  3 cyclopes
  A manticore (Lair:4)
  A moth of wrath (Spider:2)
  4 black mambas
  Joseph (D:7)
  Maurice (D:13)
  A gargoyle (D:11)
  A guardian serpent (shapeshifter) (D:12)
  2 storm dragon simulacra (IceCv)
  An unseen horror (D:12)
  7 cane toads
  Psyche (D:8)
  6 kobold demonologists
  2 golden dragon simulacra (IceCv)
  16 komodo dragons
  3 freezing wraiths
  4 tengu conjurers (D:13)
  2 rime drakes
  2 demonic crawlers
  11 jumping spiders
  A meliai (D:12)
  8 trolls
  3 polar bears
  2 hornets
  11 slime creatures (D:15)
  11 blink frogs
  A wind drake (Lair:4)
  6 dream sheep (Lair:6)
  4 large abominations (Gauntlet)
  3 shadows
  21 redbacks
  6 tarantellas
  53 yaks
  4 wraiths
  4 wyverns
  4 basilisks
  2 humans (D:7)
  6 vampire mosquitoes
  A warg (Orc:1)
  Duvessa (D:6)
  3 acid dragons
  A floating eye (shapeshifter) (D:15)
  13 water moccasins
  3 black bears
  23 orc warriors
  An ice beast (D:7)
  A sky beast (D:5)
  4 ice dragon simulacra (IceCv)
  2 necrophages
  10 ogres
  12 wolves
  14 centaurs
  A lemure (D:8)
  17 kobold brigands
  14 small abominations (Gauntlet)
  2 phantoms (D:10)
  7 bullfrogs
  A gnoll sergeant (D:7)
  4 scorpions
  Dowan (D:6)
  A water moccasin zombie (D:5)
  A water moccasin skeleton (D:5)
  6 killer bees (D:9)
  A lindwurm simulacrum (IceCv)
  3 howler monkeys (D:12)
  A bullfrog zombie (D:6)
  3 centaur zombies (D:9)
  A jelly (D:4)
  5 hounds
  18 orc priests
  2 gnoll shamans (D:12)
  Jessica (D:3)
  2 centaur skeletons (D:7)
  2 iguanas
  22 orc wizards
  6 ogre zombies (D:10)
  A hound skeleton (D:4)
  2 howler monkey zombies
  10 adders
  15 gnolls
  3 shadow imps
  3 worms
  2 dart slugs
  90 orcs
  7 ball pythons
  2 bats
  8 endoplasms
  2 giant cockroaches (D:1)
  7 goblins
  7 hobgoblins
  7 jackals (D:2)
  8 quokkas
  4 frilled lizards
  3 goblin skeletons (D:10)
  2 goblin zombies (D:10)
  2 hobgoblin skeletons (D:10)
  13 kobolds
  3 orc skeletons (D:10)
  9 orc zombies (D:10)
  3 rats
805 creatures vanquished.

Vanquished Creatures (others)
  An orc priest (Orc:2)
  2 orc wizards
  4 bushes (D:11)
  34 fungi
  58 plants
99 creatures vanquished.

Grand Total: 904 creatures vanquished

Notes
Turn   | Place    | Note
-------+----------+-------------------------------------------
     0 | D:1      | gohu the Minotaur Fighter began the quest for the Orb.
     0 | D:1      | Reached XP level 1. HP: 19/19 MP: 0/0
    29 | D:1      | Found Onigriss's Magic Scroll Shoppe.
   144 | D:2      | Reached XP level 2. HP: 27/27 MP: 1/1
   156 | D:2      | Found a faded altar of an unknown god.
   274 | D:2      | Reached skill level 4 in Fighting
   476 | D:1      | Reached XP level 3. HP: 33/33 MP: 2/2
   756 | D:1      | Found Tolesch's Antique Armour Shop.
   780 | D:1      | Bought a scroll of teleportation for 30 gold pieces
   780 | D:1      | Bought a scroll of identify for 20 gold pieces
   962 | D:1      | Found Vidizex's Jewellery Emporium.
  1284 | D:2      | Reached XP level 4. HP: 34/40 MP: 3/3
  1715 | D:3      | Noticed Jessica
  1722 | D:3      | Killed Jessica
  1723 | D:3      | Reached skill level 5 in Armour
  1838 | D:3      | Noticed a black bear
  1852 | D:3      | Killed a black bear
  1853 | D:3      | Reached skill level 5 in Axes
  1853 | D:3      | Reached XP level 5. HP: 25/47 MP: 4/4
  2203 | D:3      | Found a stormy altar of Qazlal.
  2541 | D:3      | Reached XP level 6. HP: 30/53 MP: 5/5
  3004 | D:5      | Entered Level 5 of the Dungeon
  3015 | D:4      | Found a sacrificial altar of Ru.
  3383 | D:4      | Reached XP level 7. HP: 56/60 MP: 4/6
  3463 | D:4      | Reached skill level 5 in Fighting
  4140 | D:4      | Found a glowing golden altar of the Shining One.
  4266 | D:1      | Bought a scroll of identify for 20 gold pieces
  4266 | D:1      | Bought a scroll of blinking for 75 gold pieces
  4611 | D:5      | Reached XP level 8. HP: 68/69 MP: 7/7
  4683 | D:5      | Found an ornate altar of the Wu Jian Council.
  4783 | D:5      | Found a shadowy altar of Dithmenos.
  4803 | D:5      | Identified the +7 whip "Hasit" {flame, *Corrode rPois rF+}
  5187 | D:6      | Noticed Dowan
  5187 | D:6      | Noticed Duvessa
  5223 | D:6      | Killed Duvessa
  5309 | D:6      | Killed Dowan
  5310 | D:6      | Reached skill level 1 in Throwing
  5695 | D:6      | Found a burning altar of Makhleb.
  5695 | D:6      | Noticed a cacodemon
  5705 | D:6      | Noticed an orange demon
  5705 | D:6      | Noticed an orange demon
  5858 | D:6      | Reached skill level 10 in Axes
  6108 | D:7      | Found an iron altar of Okawaru.
  6116 | D:7      | Reached skill level 6 in Fighting
  6483 | D:7      | Became a worshipper of Warmaster Okawaru
  6516 | D:7      | Noticed Joseph
  6530 | D:7      | Killed Joseph
  6531 | D:7      | Reached XP level 9. HP: 59/77 MP: 5/8
  6613 | D:7      | Reached * piety under Okawaru
  6628 | D:7      | Found a staircase to the Ecumenical Temple.
  6951 | D:8      | Noticed Psyche
  7022 | D:8      | Killed Psyche
  7172 | D:8      | Reached ** piety under Okawaru
  7676 | D:7      | Reached skill level 7 in Fighting
  7831 | D:8      | Noticed Pikel
  7842 | D:8      | Killed Pikel
  7852 | D:8      | Reached XP level 10. HP: 86/86 MP: 9/9
  8091 | D:1      | Bought a pair of runed gloves for 135 gold pieces
  8091 | D:1      | Bought a glowing cloak for 135 gold pieces
  8323 | D:8      | Found a shimmering altar of Xom.
  8324 | D:8      | Noticed Jaiteiro's ghost (novice GnTm)
  8325 | D:8      | Found a transporter.
  8399 | D:8      | Found a hazy altar of Hepliaklqana.
  8518 | D:8      | Found an opulent altar of Gozag.
  8521 | D:8      | Found a basalt altar of Yredelemnul.
  8647 | D:8      | Found a transporter.
  8702 | D:9      | Found a glowing silver altar of Zin.
  8729 | D:9      | Reached *** piety under Okawaru
  8900 | D:10     | Entered Level 10 of the Dungeon
  9208 | D:9      | Found a runed translucent gate.
  9209 | D:9      | Found a runed translucent gate.
  9210 | D:9      | Found a runed translucent gate.
  9211 | D:9      | Noticed a green ugly thing
  9211 | D:9      | Noticed a brown ugly thing
  9212 | D:9      | Noticed a red ugly thing
  9212 | D:9      | Noticed a purple ugly thing
  9212 | D:9      | Noticed a purple very ugly thing
  9934 | D:10     | Reached **** piety under Okawaru
  9962 | D:10     | Reached skill level 10 in Armour
 10074 | D:10     | Found a staircase to the Orcish Mines.
 10098 | D:10     | Reached skill level 8 in Fighting
 10258 | D:10     | Reached skill level 15 in Axes
 10457 | D:10     | Found Ifrethryg's Antique Armour Emporium.
 10549 | D:10     | Found a runed translucent gate.
 10549 | D:10     | Found a runed translucent gate.
 10549 | D:10     | Found a runed translucent gate.
 10555 | D:10     | Noticed othur's ghost (journeyman BaFi)
 11365 | D:10     | Found a radiant altar of Vehumet.
 11383 | D:10     | Noticed a two-headed ogre
 11404 | D:10     | Killed a two-headed ogre
 11405 | D:10     | Reached XP level 11. HP: 67/95 MP: 7/10
 12398 | D:11     | Noticed a four-headed hydra
 12457 | D:11     | Killed a four-headed hydra
 12457 | D:11     | Reached ***** piety under Okawaru
 12641 | D:11     | Found Zoyguhedgh's Armour Boutique.
 12646 | D:11     | Noticed a red ugly thing
 12677 | D:11     | Killed a red ugly thing
 12678 | D:11     | Reached skill level 9 in Fighting
 12690 | D:11     | Noticed a soul eater
 12997 | D:11     | Noticed a two-headed ogre
 13026 | D:11     | Killed a two-headed ogre
 13232 | D:11     | Found Zeganaf's Assorted Antiques.
 13240 | D:11     | Bought a puce potion for 21 gold pieces
 13290 | D:11     | Reached skill level 1 in Invocations
 13429 | D:11     | Noticed a boulder beetle
 13490 | D:11     | Killed a boulder beetle
 13595 | D:11     | Reached skill level 10 in Fighting
 13643 | D:11     | Received a gift from Okawaru
 13745 | D:11     | Found a staircase to the Lair.
 13795 | D:11     | Noticed a purple ugly thing
 13815 | D:11     | Killed a purple ugly thing
 13892 | D:11     | Found Othoth's General Store.
 13897 | D:11     | Bought a potion of heal wounds for 85 gold pieces
 13897 | D:11     | Bought a scroll of fear for 59 gold pieces
 14242 | D:11     | Noticed a two-headed ogre
 14252 | D:11     | Killed a two-headed ogre
 14253 | D:11     | Reached XP level 12. HP: 51/107 MP: 4/12
 14506 | D:11     | Found Daesef's General Store.
 14514 | D:11     | Bought a scroll of noise for 14 gold pieces
 14514 | D:11     | Bought a potion of lignification for 42 gold pieces
 14767 | D:13     | Noticed Erolcha
 14775 | D:12     | Noticed a two-headed ogre
 14797 | D:12     | Killed a two-headed ogre
 14865 | Lair:1   | Entered Level 1 of the Lair of Beasts
 15507 | Lair:1   | Noticed a six-headed hydra
 15514 | Lair:1   | Killed a six-headed hydra
 15515 | Lair:1   | Reached skill level 11 in Fighting
 15734 | Lair:1   | Reached skill level 5 in Shields
 15908 | Lair:1   | Noticed a five-headed hydra
 15919 | Lair:1   | Killed a five-headed hydra
 16354 | Lair:3   | Noticed a death yak
 16354 | Lair:3   | Noticed a death yak
 16354 | Lair:3   | Noticed a death yak
 16354 | Lair:3   | Noticed a death yak
 16354 | Lair:3   | Noticed a death yak
 16355 | Lair:3   | Noticed a death yak
 16480 | Lair:3   | Noticed Nergalle
 16504 | Lair:3   | Killed Nergalle
 16895 | Lair:2   | Reached skill level 12 in Fighting
 17322 | Lair:2   | Noticed a boulder beetle
 17339 | Lair:2   | Killed a boulder beetle
 17587 | Lair:2   | Killed a death yak
 17587 | Lair:2   | Received a gift from Okawaru
 17590 | Lair:2   | Killed a death yak
 17591 | Lair:2   | Reached XP level 13. HP: 103/119 MP: 3/13
 17598 | Lair:3   | Received a gift from Okawaru
 17961 | Lair:3   | Found a hole to the Spider Nest.
 18069 | Lair:4   | Found a staircase to the Shoals.
 18201 | Lair:3   | Reached skill level 13 in Fighting
 18540 | Lair:4   | Reached ****** piety under Okawaru
 18540 | Lair:4   | Received a gift from Okawaru
 18975 | Lair:5   | Received a gift from Okawaru
 19598 | Lair:4   | Reached skill level 10 in Shields
 19943 | Lair:5   | Reached skill level 14 in Fighting
 20039 | Lair:6   | Entered Level 6 of the Lair of Beasts
 20050 | Lair:6   | Received a gift from Okawaru
 20079 | Lair:6   | Found a staircase to the Slime Pits.
 20079 | Lair:6   | Found a viscous altar of Jiyva.
 20091 | Lair:6   | Found a gate leading to a gauntlet.
 20098 | Gauntlet | Entered a Gauntlet
 20098 | Gauntlet | Found a transporter.
 20098 | Gauntlet | Found a transporter.
 20105 | Gauntlet | Found a transporter.
 20107 | Gauntlet | Found a transporter.
 20107 | Gauntlet | Found a large runed translucent door.
 20108 | Gauntlet | Found a large runed translucent door.
 20109 | Gauntlet | Found a large runed translucent door.
 20109 | Gauntlet | Found a large runed translucent door.
 20109 | Gauntlet | Found a runed translucent door.
 20109 | Gauntlet | Found a runed translucent door.
 20110 | Gauntlet | Found a large runed translucent door.
 20110 | Gauntlet | Found a large runed translucent door.
 20110 | Gauntlet | Found a large runed translucent door.
 20110 | Gauntlet | Found a large runed translucent door.
 20111 | Gauntlet | Found a large runed translucent door.
 20112 | Gauntlet | Found a large runed translucent door.
 20113 | Gauntlet | Found a large runed translucent door.
 20113 | Gauntlet | Found a large runed translucent door.
 20114 | Gauntlet | Found a large runed translucent door.
 20114 | Gauntlet | Found a large runed translucent door.
 20114 | Gauntlet | Found a large runed translucent door.
 20114 | Gauntlet | Found a large runed translucent door.
 20117 | Gauntlet | Found a runed translucent gate.
 20117 | Gauntlet | Found a runed translucent gate.
 20117 | Gauntlet | Found a runed translucent gate.
 20119 | Gauntlet | Found a transporter.
 20123 | Gauntlet | Found a transporter.
 20138 | Gauntlet | Found a transporter.
 20146 | Gauntlet | Found a transporter.
 20154 | Gauntlet | Found a transporter.
 20158 | Gauntlet | Found a transporter.
 20269 | Gauntlet | Found a transporter.
 20290 | Gauntlet | Found a transporter.
 20294 | Gauntlet | Identified the +4 cloak "Zumizil" {Will+ Int+3}
 20329 | Gauntlet | Reached XP level 14. HP: 132/132 MP: 5/15
 20333 | Gauntlet | Reached skill level 15 in Armour
 20343 | Gauntlet | Identified the +1 pair of gloves "Pacrud" {Int-2 Dex+5
                  | Slay+2}
 20402 | Gauntlet | Identified the +2 pair of boots "Xohiff" {rF+}
 20436 | Gauntlet | Identified the +9 dagger of Efradd {drain, Stlth+}
 20674 | Lair:5   | Received a gift from Okawaru
 20874 | Lair:5   | Reached skill level 15 in Fighting
 21436 | Lair:5   | Reached skill level 5 in Invocations
 21805 | Lair:6   | Reached skill level 16 in Fighting
 22287 | Lair:6   | Received a gift from Okawaru
 22290 | Lair:6   | Reached skill level 17 in Fighting
 23091 | Lair:6   | Reached XP level 15. HP: 133/148 MP: 15/18
 23202 | Lair:6   | Received a gift from Okawaru
 23269 | Lair:6   | Reached skill level 18 in Fighting
 23399 | Lair:6   | Identified the +8 quarterstaff of Ubbaun {pain, +Blink
                  | Stlth+}
 23406 | Lair:6   | Identified the +9 rapier "Hydra's Nightmare" {freeze,
                  | Dex+2}
 23573 | Orc:1    | Entered Level 1 of the Orcish Mines
 23732 | Orc:1    | Noticed Erica
 23766 | Orc:1    | Killed Erica
 23888 | Orc:2    | Entered Level 2 of the Orcish Mines
 24208 | Orc:1    | Found a runed translucent door.
 24209 | Orc:1    | Noticed PeterMcNeter's ghost (journeyman GrEE)
 24824 | Orc:2    | Found Buatetaa's Weapon Shop.
 24826 | Orc:2    | Found a staircase to the Elven Halls.
 24864 | Orc:2    | Noticed Snorg
 24873 | Orc:2    | Killed Snorg
 25312 | Orc:2    | Identified the +6 war axe of Uncomfortable Rashes {vorpal,
                  | Stlth+} (Okawaru gifted it to you on level 2 of the Orcish
                  | Mines)
 25312 | Orc:2    | Received a gift from Okawaru
 25550 | Orc:2    | Found Ycaaze's Armour Shoppe.
 25550 | Orc:2    | Found Coagiysa's Distillery.
 25552 | Orc:2    | Found Daboapn's Armour Boutique.
 25552 | Orc:2    | Found Opnos's Magic Scroll Shoppe.
 25742 | D:10     | Killed othur's ghost
 27963 | D:13     | Killed Erolcha
 27985 | D:13     | Found a gate to the Vaults.
 28033 | D:12     | Identified the +1 ring mail of Proximity {Dex+7} (Okawaru
                  | gifted it to you on level 12 of the Dungeon)
 28033 | D:12     | Received a gift from Okawaru
 28588 | D:13     | Reached skill level 19 in Fighting
 28752 | D:13     | Got the Collected Works on Lightness
 28780 | D:13     | Noticed Maurice
 28831 | D:13     | Killed Maurice
 29382 | D:14     | Identified Roxanne's Incunabulum of the Mountains
 29382 | D:14     | Noticed Roxanne
 29454 | D:14     | Found Falehibu's Distillery.
 29454 | D:14     | Found Ivu Tuiv's Distillery.
 29460 | D:14     | Found Kasips's Antique Weapon Shoppe.
 29461 | D:14     | Found Qiopn's General Store.
 29464 | D:14     | Bought a potion of heal wounds for 65 gold pieces
 29481 | D:14     | Bought a potion of heal wounds for 65 gold pieces
 29489 | D:14     | Bought a potion of heal wounds for 90 gold pieces
 29489 | D:14     | Bought a potion of heal wounds for 90 gold pieces
 29493 | D:14     | Bought a potion of haste for 130 gold pieces
 29620 | D:15     | Entered Level 15 of the Dungeon
 29620 | D:15     | Found Impelog's Assorted Antiques.
 29878 | D:14     | Reached XP level 16. HP: 129/160 MP: 19/19
 30037 | D:15     | Bought a scroll labelled USUORE YRAMYNG for 25 gold pieces
 30037 | D:15     | Bought a scroll labelled TOISOUC XEYTS for 25 gold pieces
 30037 | D:15     | Bought a scroll of identify for 50 gold pieces
 30616 | D:15     | Received a gift from Okawaru
 31630 | D:15     | Reached skill level 1 in Dodging
 31635 | D:15     | Reached skill level 20 in Fighting
 31671 | D:15     | Received a gift from Okawaru
 31710 | D:15     | Found a staircase to the Depths.
 31895 | Spider:1 | Entered Level 1 of the Spider Nest
 32452 | Spider:1 | Identified the +7 spear "Nuff" {vamp, rElec Str+4 Int+3
                  | Dex-3} (Okawaru gifted it to you on level 1 of the Spider
                  | Nest)
 32452 | Spider:1 | Received a gift from Okawaru
 33357 | Spider:2 | Received a gift from Okawaru
 33482 | Spider:3 | Found a frozen archway.
 33491 | IceCv    | Entered an ice cave
 33533 | IceCv    | Reached skill level 21 in Fighting
 33801 | IceCv    | Demolished by a golden dragon simulacrum

Illustrated notes

Levels and vault maps discovered:
D:1:      scummos_arrival_gate, layout_basic, serial_shops, shop, shop_statue,
          shop, hangedman_decor_diamond_cutter, minmay_octomino_j4
D:2:      layout_loops_ring, shapermc_ecumenical_altar_venn,
          kennysheep_generic_room_10
D:3:      layout_basic, nicolae_qazlal_eye_of_the_storm, uniq_jessica
D:4:      minmay_chambers_of_twos, layout_basic, tso_oasis_becter,
          hangedman_ru_absence, minmay_misc_feat_ornament
D:5:      layout_cave_pools, nzn_wu_jian_council_hall,
          mainiacjoe_overflow_chevrons, minmay_fountain_box
D:6:      layout_basic, makhleb_altar_promises_db, kennysheep_nondescript,
          nrook_mini_backslash, uniq_duvessa
D:7:      layout_gridville, okawaru_humans, minmay_temple_entry_large_hall,
          david_defended_altar_orc, uniq_joseph
D:8:      layout_cave_pools, mainiacjoe_overflow_alcove_2,
          mainiacjoe_overflow_surrounded_room, xom_butterflies,
          grunt_gozag_statues, gammafunk_ghost_smash, uniq_psyche, uniq_pikel
D:9:      layout_small_grid, zin_treasury,
          ploomutoo_gammafunk_ghost_potion_laboratory
D:10:     layout_stronghold, kennysheep_mini, zombieorc1_lemuel,
          gammafunk_ghost_nasty_kobolds, serial_shops, shop,
          chequers_serial_rivers_micro_e
D:11:     layout_basic, minmay_lair_entry_grove, serial_shops, shop,
          nicolae_shop_competitors_out_of_business, shop,
          nicolae_shop_overgrown_old_shop
D:12:     kennysheep_seaside_town, layout_layer_cave, kennysheep_small_circle
D:13:     layout_long_grid, lightli_vaults_fourway_checkpoint,
          serial_co_window_serial, co_window_paths_a, co_window_paths_a,
          co_window_of_opportunity_a, co_window_paths_b, co_window_corner_a,
          co_window_broadway_c, co_window_corner_b, co_window_corner_cb,
          co_window_2corner, co_window_cross_4, co_window_cross_3,
          co_window_4corner_b, co_window_paths_e, glass_columns_b,
          glass_columns_a, glass_columns_a, glass_columns_a, glass_columns_c,
          uniq_maurice, uniq_erolcha
D:14:     cheibrodos_hippocracy, layout_cave_pools, nrook_mini_vaults,
          minmay_shop_grid_forest, moated_statue, uniq_roxanne
D:15:     gammafunk_enter_depths_forms, layout_rooms, serial_shops,
          nicolae_shop_waterfront
Lair:1:   layout_long_grid, serial_bayou, serial_bayou_pond_a,
          serial_bayou_shore_b, serial_bayou_pond_a, serial_bayou_shore_b
Lair:2:   layout_small_grid, disabler_island
Lair:3:   layout_big_grid, nicolae_spider_entry_orb_guardian, uniq_nergalle
Lair:4:   layout_small_grid, minmay_shoals_entry_beasts, lemuel_fruit_fields
Lair:5:   layout_gridlike
Lair:6:   grunt_lair_end_beastmaster, layout_concentric_octagons, slime_altar_1,
          gauntlet_entry_generic, chequers_serial_rivers_micro_d,
          minmay_lindwurm_lava
Spider:1: layout_spider_delve
Spider:2: layout_spider_delve
Spider:3: layout_chambers, portal_ice_cave_entry_pillars_1, drop_trap,
          hangedman_spider_tarantella_strand
Orc:1:    layout_caves, gammafunk_ghost_grave, uniq_erica
Orc:2:    grunt_orc_tribal_feast, layout_caves, serial_shops, shop_statue,
          uniq_snorg
IceCv:    ice_cave_small_dragons

Skill      XL: |  1  2  3  4  5  6  7  8  9 10 11 12 13 14 15 16 |
---------------+-------------------------------------------------+-----
Armour         | 4 5 6 8 9 10 11 13 14 15 16 | 16.8
Fighting       | 4 5 6 7 8 10 12 14 17 19 21 | 21.0
Axes           | 3 5 7 9 11 13 15 16 17 18 | 18.0
Throwing       | 1 4 |  4.8
Invocations    | 1 2 3 5 6 |  6.1
Shields        | 7 10 | 10.6
Dodging        | 1 |  1.9
Stealth        | |  0.2
Evocations     | |  0.2

Action                   |  1- 3 |  4- 6 |  7- 9 | 10-12 | 13-15 | 16-18 || total
-------------------------+-------+-------+-------+-------+-------+-------++-------
Melee: War axe           |    65 |   129 |   184 |   679 |   549 |       ||  1606
       Headbutt          |     6 |    20 |    54 |   178 |   371 |   112 ||   741
       Whip              |       |       |       |    15 |       |       ||    15
       Hand axe          |       |       |       |       |    50 |     7 ||    57
       Broad axe         |       |       |       |       |   538 |   321 ||   859
Throw: Dart              |       |     4 |    13 |    51 |     8 |    27 ||   103
       Javelin           |       |       |       |     1 |       |       ||     1
Invok: Heroism           |       |       |       |    11 |     8 |     1 ||    20
       Finesse           |       |       |       |     2 |     7 |     1 ||    10
Evoke: Wand              |       |       |       |     1 |       |       ||     1
  Use: Potion            |       |     1 |     3 |       |     6 |       ||    10
       Scroll            |       |       |     1 |     5 |     3 |     1 ||    10
 Stab: Distracted        |       |       |       |       |     1 |       ||     1
Armor: Scale mail        |    27 |    41 |       |       |       |       ||    68
       Chain mail        |       |     9 |    53 |    37 |       |       ||    99
       Plate armour      |       |       |       |   281 |   540 |   227 ||  1048
Dodge: Dodged            |    21 |    40 |    58 |   118 |   211 |    69 ||   517
Block: Kite shield       |    24 |    76 |    81 |   329 |   708 |   359 ||  1577
       Reflection        |       |       |       |       |    14 |       ||    14
